 Dungeon Crawl Stone Soup version 0.32-a0-768-g0f6f1dd4b9 (webtiles) character file.

Game seed: 10626011419966900807

7615 growler the Spear-Bearer (level 11, -1/81 HPs)
             Began as a Coglin Gladiator on Mar 19, 2024.
             Was a Follower of Ru.
             Killed by vampiric draining
             ... invoked by a vampire
              (8 damage)
             ... on level 9 of the Dungeon.
             The game lasted 00:31:04 (10744 turns).

growler the Spear-Bearer (Coglin Gladiator)        Turns: 10744, Time: 00:31:05

Health: -1/81      AC: 23    Str: 18    XL:     11   Next: 18%
Magic:  11/11      EV:  7    Int:  8    God:    Ru [*.....]
Gold:   361        SH:  0    Dex: 14    Spells: 10/10 levels left

rFire   + . .        H - +4 trident (venom) {Jaspreet}
rCold   . . .        f - +0 dagger {Agathocles}
rNeg    . . .        w - +7 chain mail "Olozen" {rF+}
rPois   .            c - +2 helmet
rElec   .            p - +2 cloak
rCorr   .            (no gloves)
SInv    .            (no boots)
Will    .....        (amulet unavailable) Stlth
                     (ring unavailable)
HPRegen 0.33/turn    (ring unavailable)
MPRegen 0.12/turn    (no gizmo)

%: no passive effects
@: revved
A: inability to read after injury 2, off-hand wielding, slow wielding, warmup
strikes, no jewellery, clumsy 1, wild magic 1
a: Invent Gizmo, Renounce Religion


You were on level 9 of the Dungeon.
You worshipped Ru.
Ru was aware of your devotion.
You visited 2 branches of the dungeon, and saw 10 of its levels.

You collected 439 gold pieces.
You spent 78 gold pieces at shops.

Inventory:

Hand Weapons
 f - a +0 dagger (offhand) {Agathocles}
 H - a +4 trident of venom (weapon) {Jaspreet}
Missiles
 i - a throwing net (quivered)
 I - 6 javelins
Armour
 c - a +2 helmet (worn)
 p - a +2 cloak (worn)
 w - the +7 chain mail "Olozen" (worn) {rF+}
   (You found it on level 5 of the Dungeon)

   rF+:       It protects you from fire.
 D - a +0 pair of boots
Wands
 x - a wand of digging (8)
 A - a wand of warping (3)
 F - a wand of quicksilver (10)
 G - a wand of flame (20)
Scrolls
 d - 2 scrolls of brand weapon
 j - 4 scrolls of teleportation
 l - a scroll of butterflies {unknown}
 m - 2 scrolls of amnesia
 n - a scroll of fog {unknown}
 r - a scroll of blinking {unknown}
 s - 2 scrolls of fear
 t - a scroll of torment {unknown}
 u - a scroll of poison {unknown}
 v - a scroll of noise
 y - a scroll of revelation {unknown}
 B - a scroll of identify
 C - a scroll of vulnerability
Potions
 b - a potion of invisibility
 e - 2 potions of berserk rage
 g - a potion of haste
 k - a potion of mutation
 o - a potion of brilliance
 q - 3 potions of lignification
 z - a potion of might
 E - a potion of degeneration


   Skills:
 + Level 5.8 Fighting
 - Level 14.0 Polearms
 - Level 1.7 Throwing
 + Level 4.8 Armour
 - Level 2.6 Dodging


You had 10 spell levels left.
You didn't know any spells.
Your spell library contained the following spells:

 Spells                   Type           Power      Damage    Failure   Level
 Sting                    Conj/Alch      0%         1d3       99%         1
 Momentum Strike          Conj/Tloc      0%         3d8       100%        2
 Call Canine Familiar     Summ           0%         N/A       100%        3
 Sigil of Binding         Hex            0%         N/A       100%        3
 Dimensional Bullseye     Hex/Tloc       0%         N/A       100%        4
 Sticky Flame             Fire/Alch      0%         2d4       100%        4
 Plasma Beam              Fire/Air       0%         2x1d10    100%        6
 Fire Storm               Conj/Fire      0%         5d1       100%        9


Dungeon Overview and Level Annotations

Branches:
Dungeon (9/15)             Temple (1/1) D:5
   Lair: D:8-11         Orc: D:9-12

Altars:
Ashenzari
Cheibriados
Dithmenos
Elyvilon
Fedhas
Gozag
Hepliaklqana
Kikubaaqudgha
Makhleb
Nemelex Xobeh
Qazlal
Ru
Sif Muna
Trog
Vehumet
Xom
Yredelemnul
Zin
The Shining One
Beogh

Shops:
D:2 :(:   D:7 ?

Annotations:
D:2 1 runed translucent door, Crazy Yiuf


Innate Abilities, Weirdness & Mutations

You sometimes lose the ability to read scrolls when taking damage.
You can wield a second weapon in your off-hand.
It takes a long time for you to wield or remove held weapons.
Your first few attacks do less damage.
You cannot equip rings or amulets.
You are clumsy. (Dex -2)
Your spells are a little harder to cast, but a little more powerful.


Message History

You hit the vampire but do no damage.
The vampire is severely damaged.
You miss the vampire with your +0 dagger.
The vampire hits you but does no damage.
The vampire barely misses you.
You bump into the rock wall.
The vampire hits you but does no damage.
The vampire bites you but does no damage.
You're too confused to move!
The vampire hits you but does no damage.
The vampire closely misses you.
You feel less confused. The vampire attacks as it pursues you!
The vampire hits you but does no damage.
The vampire barely misses you.
Aiming: Throw Flame
Press: ? - help, Shift-Dir - straight line, f/p - vampire
Aim: a vampire (severely damaged, 68% to hit)
Okay, then.
You puncture the vampire with your +4 trident of venom!
The vampire is almost destroyed.
You hit the vampire but do no damage. The vampire draws life force from you!
* * * LOW HITPOINT WARNING * * *
The vampire is healed by the life force!
You hit the vampire with your +4 trident of venom.
The vampire is severely damaged.
You hit the vampire with your +0 dagger.
The vampire hits you but does no damage.
The vampire bites you.
* * * LOW HITPOINT WARNING * * *
The vampire draws strength from your injuries!
You hit the vampire but do no damage.
The vampire is severely damaged.
You closely miss the vampire with your +0 dagger.
You hit the vampire but do no damage.
The vampire is severely damaged.
You barely miss the vampire with your +4 trident of venom.
The vampire draws life force from you!
You die...
Ru respects your ultimate sacrifice.

#...###..#####
.#.....รท.## ........##
............##
.............###
#..............####
#.....###.........#
##....# ##..#######
#####....## #.@##
.##.......# ##V.# ###
..........## ##.####.#
.....###...##
##...#..##
..)..####...###.....###
..#.).# ###..#......#
..##..## ##........#
..###..# #........# .##
##)## ##<......###


You could see a vampire.

Vanquished Creatures
  Pikel (D:8)
  Jeremiah (D:8)
  Grinder (D:3)
  Sigmund (D:2)
  A wyvern (D:9)
  16 yaks
  2 vampire mosquitoes
  A steam dragon (D:9)
  Menkaure (D:6)
  2 water moccasins (D:7)
  2 ice beasts
  3 orc warriors
  A sky beast (D:7)
  3 centaurs
  2 ogres
  Blork the orc (D:4)
  3 kobold brigands
  2 lemures (D:8)
  3 bullfrogs
  A gnoll sergeant (D:9)
  2 scorpions (D:5)
  13 wights
  4 killer bees
  2 bombardier beetles
  3 gnoll boudas
  2 hounds
  3 jellies
  3 orc priests
  Jessica (D:2)
  5 iguanas
  3 orc wizards
  16 gnolls
  7 adders
  2 ufetubi (D:5)
  4 dart slugs
  3 ribbon worms
  12 orcs
  4 ball pythons
  3 endoplasms
  3 giant cockroaches (D:1)
  10 goblins
  5 hobgoblins
  24 kobolds
  4 quokkas
  4 bats
  A frilled lizard (D:1)
  3 rats
194 creatures vanquished.

Notes
Turn   | Place    | Note
-------+----------+-------------------------------------------
     0 | D:1      | growler the Coglin Gladiator began the quest for the Orb.
     0 | D:1      | Reached XP level 1. HP: 16/16 MP: 1/1
    81 | D:1      | Reached skill level 3 in Polearms
   210 | D:1      | Found a roughly hewn altar of Beogh.
   214 | D:1      | Reached XP level 2. HP: 22/22 MP: 2/2
   240 | D:1      | Found a faded altar of an unknown god.
   624 | D:1      | Reached XP level 3. HP: 27/27 MP: 3/3
   963 | D:2      | Found a runed translucent door.
   964 | D:2      | Noticed Crazy Yiuf
   994 | D:2      | Found Ysuxophyu's Book Emporium.
  1033 | D:2      | Found Peohied Emag's Weapon Shoppe.
  1075 | D:2      | Found Puog Eti's Book Shoppe.
  1095 | D:2      | Noticed Jessica
  1101 | D:2      | Killed Jessica
  1102 | D:2      | Reached skill level 4 in Polearms
  1168 | D:2      | You fall into a shaft and drop 1 floor!
  1226 | D:3      | Reached XP level 4. HP: 26/33 MP: 4/4
  1481 | D:2      | Identified the +2 spear "Naugiz" {flame, rPois Int+4}
  1715 | D:2      | Identified the +3 flail of Defiance {flame, rElec Str+3}
  1732 | D:2      | Noticed Sigmund
  1748 | D:2      | Gained mutation: You are clumsy. (Dex -2) [potion of
                  | mutation]
  1748 | D:2      | Gained mutation: Your spells are a little harder to cast,
                  | but a little more powerful. [potion of mutation]
  1754 | D:2      | Killed Sigmund
  1755 | D:2      | Reached skill level 6 in Polearms
  1755 | D:2      | Reached XP level 5. HP: 21/38 MP: 5/5
  1755 | D:2      | Reached XP level 6. HP: 25/44 MP: 6/6
  2174 | D:3      | Noticed Grinder
  2194 | D:3      | Paralysed by Grinder for 4 turns
  2204 | D:3      | Killed Grinder
  2205 | D:3      | Reached skill level 7 in Polearms
  2205 | D:3      | Reached XP level 7. HP: 43/50 MP: 7/7
  2376 | D:3      | Got the Handbook of Red Hurting
  2806 | D:4      | Noticed Blork the orc
  2990 | D:4      | Killed Blork the orc
  3867 | D:4      | Found a sacrificial altar of Ru.
  3918 | D:4      | Became a worshipper of Ru the Awakened
  3967 | D:5      | Entered Level 5 of the Dungeon
  4480 | D:5      | Reached skill level 8 in Polearms
  4659 | D:5      | Identified the +7 chain mail "Olozen" {rF+}
  4693 | D:5      | Reached XP level 8. HP: 46/56 MP: 8/8
  4728 | D:5      | Found a staircase to the Ecumenical Temple.
  4756 | Temple   | Entered the Ecumenical Temple
  4858 | D:5      | Reached skill level 9 in Polearms
  5051 | D:5      | Found a broken altar of Ashenzari.
  5882 | D:6      | Reached skill level 10 in Polearms
  6144 | D:6      | Noticed Menkaure
  6370 | D:6      | Killed Menkaure
  6762 | D:7      | Found Gashryma's Magic Scroll Emporium.
  6794 | D:6      | Reached XP level 9. HP: 42/61 MP: 9/9
  6984 | D:7      | Bought 3 scrolls of identify for 78 gold pieces
  7023 | D:7      | Reached skill level 11 in Polearms
  7874 | D:7      | Found a shimmering blue altar of Sif Muna.
  7883 | D:7      | Got Sif Muna's Incunabulum of the Vector
  7888 | D:7      | Found a bloodstained altar of Trog.
  7901 | D:7      | Reached skill level 12 in Polearms
  8119 | D:8      | Noticed Jeremiah
  8635 | D:8      | Reached XP level 10. HP: 67/67 MP: 10/10
  8649 | D:8      | Reached skill level 13 in Polearms
  9019 | D:8      | Killed Jeremiah
  9470 | D:9      | Reached skill level 14 in Polearms
  9496 | D:9      | Reached skill level 1 in Armour
  9741 | D:8      | Gained mutation: You occasionally lose the ability to read
                  | scrolls when taking damage. [Ru sacrifice]
  9741 | D:8      | Gained mutation: You sometimes lose the ability to read
                  | scrolls when taking damage. [Ru sacrifice]
  9741 | D:8      | Reached * piety under Ru
  9841 | D:9      | Found a glowing golden altar of the Shining One.
  9890 | D:9      | Noticed Pikel
 10163 | D:8      | Killed Pikel
 10164 | D:8      | Reached skill level 5 in Fighting
 10164 | D:8      | Reached XP level 11. HP: 73/79 MP: 11/11
 10744 | D:9      | Killed from afar by a vampire

Illustrated notes

Levels and vault maps discovered:
D:1:      psy_arrival_terrarium, layout_loops_corners,
          hellmonk_ecumenical_altar_defaced_shrine, nicolae_hexahallways
D:2:      layout_loops_ring, serial_shops, nicolae_shop_waterfront, shop, shop,
          uniq_sigmund, uniq_crazy_yiuf_cottage, uniq_jessica
D:3:      layout_loops_corners, minmay_misc_feat_secret_circle, uniq_grinder
D:4:      layout_basic, lemuel_crystal_altar, minmay_door_square,
          uniq_blork_the_orc
D:5:      layout_loops_cross, ashenzari_conservatory_becter,
          minmay_temple_entry_water_ring
D:6:      layout_basic, grunt_ministairs_3, kennysheep_generic_room_4,
          uniq_menkaure
D:7:      layout_loops_ring, nzn_overflow_gifts_of_might_and_magic,
          serial_shops, nicolae_shop_tiny_statue_garden
D:8:      layout_loops_ring, minivault_10, minmay_misc_feat_diagonals,
          reono_crystal_passage, uniq_jeremiah
D:9:      layout_layer_cave, mainiacjoe_overflow_catwalk, minmay_joined_circles,
          uniq_pikel
Temple:   dpeg_chambers_temple

Skill      XL: |  1  2  3  4  5  6  7  8  9 10 |
---------------+-------------------------------+-----
Polearms       | 3 4 6 7 8 10 12 14 | 14.0
Armour         | 4 |  4.8
Fighting       | 5 |  5.8
Throwing       | |  1.7
Dodging        | |  2.6

Action                     |  1- 3 |  4- 6 |  7- 9 | 10-12 || total
---------------------------+-------+-------+-------+-------++-------
  Melee: Trident           |    57 |    58 |   478 |   342 ||   935
         Dagger            |    42 |    42 |   385 |   262 ||   731
  Throw: Throwing net      |       |     3 |     4 |       ||     7
         Javelin           |       |       |     1 |       ||     1
 Invoke: Sacrifice Words   |       |       |       |     1 ||     1
  Evoke: Wand              |       |       |       |     5 ||     5
    Use: Potion            |       |     2 |       |     4 ||     6
         Scroll            |       |       |     9 |     7 ||    16
   Stab: Sleeping          |     2 |     1 |       |       ||     3
         Held in net/web   |       |       |     2 |       ||     2
 Armour: Leather armour    |    26 |    23 |    36 |       ||    85
         Scale mail        |       |       |    15 |       ||    15
         Chain mail        |       |       |   294 |   339 ||   633
         Skin              |       |       |       |    39 ||    39
  Dodge: Dodged            |    21 |    22 |   154 |   126 ||   323

Table legend: (Time is in decaauts)
 A = Elapsed time spent in this place.
 B = Non-inter-level travel time spent in this place.
 C = Inter-level travel time spent in this place.
 D = Time resting spent in this place.
 E = Time spent auto-exploring this place.
 F = Levels seen in this place.
 G = Mean time per level.
                   A        B        C        D        E       F      G
               +--------+--------+--------+--------+--------+-----+--------+
         Total |  10646 |  10322 |    324 |   1613 |   6784 |  10 | 1064.6 |
       Dungeon |  10644 |  10320 |    324 |   1613 |   6784 |   9 | 1182.7 |
        Temple |      1 |      1 |      0 |      0 |      0 |   1 |    1.0 |
               +--------+--------+--------+--------+--------+-----+--------+

Top non-repeatable levels by time:
     D:8: 1495 daAuts
     D:5: 1473 daAuts
     D:6: 1413 daAuts
     D:7: 1409 daAuts
     D:4: 1179 daAuts
     D:3: 1066 daAuts
     D:1: 938 daAuts
     D:2: 855 daAuts
     D:9: 812 daAuts
  Temple: 1 daAuts
